Map: Tropic Shores

Players

llllllllllll

  • Race: Zerg Zerg
  • Spawn Location: 6:00

JukeJenkins

  • Race: Terran Terran
  • League: Silver
  • Spawn Location: 5:00

ninjadog

  • Race: Protoss Protoss
  • League: Platinum
  • Spawn Location: 5:00

SushiSamurai

  • Race: Zerg Zerg
  • League: Diamond
  • Spawn Location: 6:00

JaySlays

  • Race: Terran Terran
  • Spawn Location: 0:00

Wolf

  • Race: Terran Terran
  • League: Diamond
  • Spawn Location: 11:00

OneBirdTree

  • Race: Zerg Zerg
  • Spawn Location: 12:00

Sirkillerbee

  • Race: Terran Terran
  • Spawn Location: 12:00

VOD

Have the link to the VOD?

Description

Time

  • Played on: April 21, 2018, 1:42 a.m.
  • Length: 15:10
Show
View Real Time Build Order
Export as new Build Order

llllllllllll Zerg 

Build Orders: Pool First, Swarm Host 

Get SALT Encoding   

  12  0:06  Drone  
  13  0:23  Drone  
  14  0:29  Spawning Pool  
  13  0:37  Drone  
  14  0:47  Overlord  
  14  1:02  Extractor  
  13  1:09  Drone  
  14  1:14  Drone  
  14  1:18  Hatchery  
  14  1:22  Drone  
  15  1:26  Drone  
  16  1:34  Drone  
  17  1:42  Queen  
  20  1:47  Drone  
  20  1:49  Extractor  
  20  1:54  Drone  
  20  2:05  Drone  
  21  2:09  Metabolic Boost  
  21  2:16  Overlord  
  21  2:26  Drone  
  22  2:36  Drone, Queen  
  23  2:41  Drone  
  26  2:45  Lair  
  26  2:47  Drone  
  27  2:56  Drone x2  
  29  2:58  Drone  
  29  3:00  Drone  
  29  3:04  Drone  
  32  3:05  Drone  
  32  3:12  Drone  
  34  3:13  Drone  
  34  3:19  Drone  
  36  3:28  Overlord  
  36  3:35  Overlord x2  
  36  3:39  Extractor  
  36  3:41  Extractor  
  34  3:48  Spire  
  34  3:49  Drone  
  34  3:50  Drone  
  35  3:56  Drone x2  
  35  3:58  Drone  
  35  3:59  Drone x3  
  35  4:02  Drone  
  42  4:03  Drone  
  42  4:09  Drone  
  44  4:15  Drone  
  45  4:20  Drone  
  45  4:21  Drone  
  47  4:25  Spine Crawler  
  47  4:26  Drone  
  47  4:27  Overlord  
  47  4:35  Zergling x2  
  47  4:36  Zergling x2  
  47  4:37  Zergling x2  
  50  4:42  Overlord x2  
  50  4:48  Drone  
  51  4:53  Overlord x2  
  51  5:04  Mutalisk  
  51  5:06  Mutalisk x4  
  61  5:13  Mutalisk x2  
  65  5:26  Hatchery  
  65  5:27  Mutalisk x2  
  68  5:34  Drone x2  
  70  5:40  Evolution Chamber x2  
  70  5:42  Zerg Flyer Armor Level 1  
  68  5:52  Drone  
  68  5:53  Drone x4  
  70  6:20  Spore Crawler  
  70  6:24  Zergling x4  
  70  6:25  Zergling x4  
  73  6:29  Mutalisk x2  
  73  6:30  Mutalisk x2  
  81  6:41  Zergling x2  
  81  6:44  Zergling x2  
  81  6:46  Drone  
  80  6:50  Spine Crawler  
  80  6:51  Spine Crawler  
  80  6:53  Drone x3  
  76  7:00  Infestation Pit  
  76  7:01  Zerg Ground Armor Level 1, Zerg Melee Weapons Level 1  
  75  7:12  Extractor  
  75  7:13  Drone  
  75  7:14  Drone x2  
  75  7:15  Drone x2, Extractor  
  78  7:16  Drone  
  79  7:26  Nydus Network  
  79  7:28  Drone x3, Spine Crawler  
  79  7:29  Spine Crawler  
  79  7:30  Drone  
  79  7:31  Spine Crawler  
  79  7:45  Overseer  
  79  7:49  Zerg Flyer Weapons Level 1  
  77  7:51  Overlord x3  
  77  7:53  Pneumatized Carapace  
  77  7:56  Drone x2  
  79  8:02  Zergling x8  
  83  8:15  Zergling x2  
  83  8:16  Zergling x4  
  83  8:17  Drone x2  
  88  8:22  Overlord  
  88  8:29  Infestation Pit  
  89  8:34  Drone x2  
  89  8:37  Drone  
  89  8:38  Queen  
  92  8:45  Drone x2, Spire, Overlord  
  92  8:46  Overlord  
  91  9:10  Swarm Host x3  
  91  9:11  Swarm Host x3  
  91  9:12  Swarm Host  
  91  9:13  Swarm Host x2  
  91  9:14  Swarm Host x2  
  124  9:25  Overlord  
  124  9:27  Overlord  
  124  9:31  Drone  
  124  9:33  Drone  
  126  9:47  Swarm Host x2  
  126  9:48  Swarm Host x2  
  126  9:50  Overlord x2  
  138  9:56  Nydus Canal  
  138  10:02  Drone  
  138  10:04  Drone, Queen  
  138  10:05  Queen  
  144  10:39  Zerg Flyer Armor Level 2, Zerg Flyer Weapons Level 2  
  142  10:57  Spine Crawler x2  
  142  10:58  Spine Crawler  
  142  10:59  Drone  
  142  11:00  Drone x4, Spine Crawler  
  142  11:01  Spore Crawler  
  142  11:02  Spore Crawler, Overlord  
  142  11:03  Overlord x2  
  141  11:05  Nydus Canal  
  141  11:17  Swarm Host  
  141  11:18  Swarm Host x5  
  147  11:22  Zerg Ground Armor Level 2, Zerg Missile Weapons Level 1  
  159  11:49  Mutalisk x2  
  159  11:51  Mutalisk x3  
  169  12:00  Drone x3  
  172  12:01  Spore Crawler  
  172  12:02  Spore Crawler  
  172  12:05  Overseer  
  172  12:06  Overseer  
  168  12:26  Mutalisk  
  168  12:27  Mutalisk x2  
  163  12:48  Zergling x4  
  163  12:49  Zergling x10  
  170  12:51  Mutalisk x2  
  168  13:08  Mutalisk x3  
  168  13:09  Mutalisk  
  168  13:11  Mutalisk  
  178  13:23  Hydralisk Den  
  178  13:25  Nydus Canal  
  177  13:40  Mutalisk  
  177  13:41  Mutalisk x2  
  168  14:10  Nydus Canal  
  163  14:27  Nydus Network  
  152  14:48  Zergling x4  
  154  14:55  Lurker Den  
Show
View Real Time Build Order
Export as new Build Order

JukeJenkins Terran 

Build Orders: Cyclone Opening 

Get SALT Encoding   

  12  0:00  SCV  
  13  0:13  SCV  
  14  0:19  Supply Depot  
  14  0:25  SCV  
  15  0:35  Refinery  
  15  0:41  SCV  
  16  0:47  Barracks  
  16  0:53  SCV  
  17  1:05  SCV  
  18  1:17  SCV  
  19  1:25  Supply Depot  
  19  1:30  Refinery, SCV  
  20  1:38  Factory  
  20  1:44  SCV  
  21  1:55  Barracks Reactor  
  21  1:57  SCV  
  22  2:09  SCV  
  23  2:21  SCV  
  24  2:26  Supply Depot  
  24  2:39  Cyclone x2  
  24  2:41  Orbital Command  
  30  2:48  Engineering Bay  
  30  2:52  Barracks Tech Lab  
  30  3:15  Cyclone x2  
  36  3:22  Supply Depot  
  36  3:26  Missile Turret, SCV  
  37  3:38  Missile Turret, SCV  
  38  3:48  Cyclone  
  38  3:51  Cyclone  
  44  4:00  Supply Depot  
  44  4:12  SCV  
  45  4:22  Missile Turret  
  45  4:24  Supply Depot, SCV  
  46  4:46  Cyclone  
  46  4:47  Cyclone  
  52  5:00  Factory  
  52  5:12  Supply Depot  
  52  5:16  Command Center  
  52  5:25  Cyclone x2  
  58  6:01  Armory  
  58  6:03  SCV  
  59  6:16  SCV  
  56  6:34  Hellion x2  
  58  6:46  Infernal Pre-Igniter  
  53  7:02  Hellion x2  
  53  7:04  Siege Tank  
  53  7:07  Orbital Command  
  60  7:09  SCV  
  60  7:12  Starport, Terran Vehicle Weapons Level 1  
  61  7:21  SCV  
  62  7:30  Hellion x2  
  62  7:33  SCV  
  62  7:35  SCV  
  68  7:45  SCV  
  68  7:47  Supply Depot, SCV  
  68  7:49  Siege Tank  
  73  7:57  SCV  
  74  7:59  SCV  
  74  8:04  Hellion x2  
  79  8:09  Supply Depot, SCV  
  73  8:34  SCV x2  
  73  8:36  Refinery  
  73  8:39  Siege Tank  
  73  8:40  Hellion x2, Refinery  
  82  8:46  SCV x2  
  84  8:48  Starport Tech Lab  
  84  8:49  Armory  
  84  9:21  Hellion x2  
  84  9:22  Siege Tank  
  91  9:49  Hellion x2  
  92  10:05  Siege Tank  
  54  10:18  Hellion x2  
  55  10:26  Factory  
  55  10:27  SCV x2  
  57  10:37  Siege Tank  
  60  10:47  Terran Vehicle And Ship Armor Level 1  
  60  10:48  Terran Vehicle Weapons Level 2  
  60  10:56  Hellion  
  60  10:57  Hellion  
  64  11:09  Hellion  
  64  11:11  Factory  
  64  11:18  Factory Tech Lab, Hellion  
  66  11:21  SCV x2  
  68  11:25  Sensor Tower  
  68  11:33  SCV x2  
  68  11:36  Siege Tank  
  68  11:37  Hellion x2  
  77  11:45  SCV x2  
  79  12:09  Hellion x2, Siege Tank x2  
  79  12:14  Factory Reactor  
  64  12:42  Orbital Command  
  54  12:48  Hellion  
  54  12:49  Hellion, Siege Tank x2  
  48  12:56  Hellion  
  50  13:02  Orbital Command  
  50  13:08  SCV x2  
  46  13:38  Hellion  
Show
View Real Time Build Order
Export as new Build Order

ninjadog Protoss 

Build Orders:  

Get SALT Encoding   

  12  0:01  Probe  
  13  0:13  Probe  
  14  0:23  Pylon  
  14  0:25  Probe  
  15  0:31  Assimilator  
  15  0:45  Gateway  
  15  0:48  Probe  
  16  1:00  Gateway  
  16  1:04  Probe  
  17  1:26  Pylon  
  17  1:34  Cybernetics Core  
  17  1:37  Probe  
  18  1:40  Zealot  
  20  1:47  Zealot  
  20  1:49  Probe  
  23  1:56  Assimilator  
  23  2:01  Probe  
  23  2:08  Pylon  
  24  2:13  Warp Gate  
  24  2:18  Adept  
  24  2:21  Adept  
  28  2:36  Robotics Facility  
  28  2:41  Probe  
  29  2:47  Stalker  
  29  2:52  Stalker  
  29  2:53  Probe  
  34  3:05  Probe  
  35  3:14  Immortal  
  39  3:41  Pylon  
  39  3:42  Pylon  
  39  3:59  Observer  
  40  4:17  Forge  
  40  4:24  Stalker  
  42  4:27  Zealot  
  42  4:30  Nexus  
  44  5:02  Stalker x2  
  44  5:05  Immortal  
  52  5:09  Pylon  
  52  5:25  Probe  
  53  5:37  Probe  
  52  6:31  Stalker x2  
  53  7:01  Probe x2  
  55  7:09  Probe x2  
  55  7:12  Protoss Ground Weapons Level 1  
  57  7:18  Probe x2  
  57  7:20  Gateway, Immortal  
  57  7:21  Gateway  
  63  8:12  Stalker x2  
  67  8:14  Immortal  
  71  8:20  Pylon  
  71  8:22  Pylon  
  71  8:24  Pylon  
  71  8:53  Probe  
  72  9:10  Pylon  
  72  9:12  Pylon  
  72  9:25  Probe x2  
  74  9:33  Photon Cannon  
  74  9:37  Photon Cannon  
  74  9:43  Pylon  
  74  9:45  Protoss Shields Level 1  
  74  9:49  Twilight Council  
  74  9:51  Forge  
  74  9:52  Stalker x3  
  76  9:53  Stalker  
  76  9:54  Immortal  
  43  10:30  Stalker x4  
  43  10:33  Immortal  
  55  10:41  Robotics Facility  
  55  10:42  Photon Cannon  
  55  10:45  Photon Cannon  
  55  10:51  Assimilator  
  55  10:53  Probe  
  55  10:54  Probe  
  55  10:55  Assimilator  
  57  11:27  Protoss Ground Weapons Level 2  
  57  11:29  Immortal  
  61  11:58  Stalker x4  
  69  12:02  Immortal  
  51  12:41  Observer  
  46  12:44  Stalker x2  
  46  12:45  Stalker x2  
  46  12:48  Immortal  
  38  13:40  Stalker x2  
  38  13:41  Stalker x2  
  42  13:43  Immortal  
  36  14:18  Stalker x2  
  36  15:06  Stalker x3  
Show
View Real Time Build Order
Export as new Build Order

SushiSamurai Zerg 

Build Orders: Pool First 

Get SALT Encoding   

  12  0:01  Drone  
  13  0:09  Drone  
  14  0:29  Spawning Pool  
  13  0:53  Hatchery  
  13  0:56  Drone  
  13  1:13  Drone  
  13  1:15  Overlord  
  13  1:16  Extractor  
  13  1:19  Drone  
  14  1:34  Drone  
  14  1:38  Drone  
  16  1:41  Queen  
  18  1:51  Drone  
  19  1:57  Drone, Extractor  
  19  2:06  Drone  
  19  2:07  Queen  
  22  2:10  Drone  
  23  2:17  Metabolic Boost  
  23  2:24  Drone  
  23  2:25  Drone  
  23  2:29  Drone  
  26  2:34  Drone  
  27  2:41  Overlord  
  27  2:46  Zergling x2  
  28  2:58  Overlord, Baneling Nest  
  27  3:05  Zergling x2  
  28  3:06  Zergling x2  
  28  3:08  Zergling x2  
  28  3:12  Zergling x2  
  31  3:15  Zergling x2  
  31  3:18  Zergling x2  
  33  3:22  Zergling x2  
  33  3:24  Zergling x2  
  35  3:28  Zergling x2  
  35  3:34  Zergling x2  
  37  3:35  Zergling x2  
  37  3:37  Zergling x2  
  39  3:46  Lair  
  39  3:49  Zergling x2  
  39  3:52  Zergling x2  
  39  3:55  Zergling x2  
  42  3:57  Zergling x2  
  43  4:03  Overlord  
  43  4:06  Zergling x2  
  44  4:16  Extractor x2, Zergling x2  
  44  4:17  Zergling x2  
  46  4:28  Zergling x4  
  46  4:29  Zergling x6  
  46  4:31  Zergling x2  
  52  4:39  Overlord  
  52  4:41  Overlord  
  52  4:50  Centrifical Hooks  
  52  5:04  Baneling x6  
  52  5:05  Baneling x4  
  52  5:07  Baneling  
  52  5:08  Baneling  
  52  5:17  Drone x3  
  45  5:53  Zergling x6  
  45  5:54  Zergling x22  
  45  5:55  Baneling  
  45  5:56  Baneling  
  59  5:58  Drone  
  60  6:09  Baneling  
  60  6:10  Baneling x5  
  53  6:17  Zergling x6  
  53  6:18  Zergling x2  
  51  6:37  Drone x4  
  54  6:47  Drone x2  
  54  6:48  Drone x4  
  60  6:59  Drone x2  
  62  7:02  Infestation Pit  
  61  7:13  Extractor  
  61  7:14  Extractor  
  59  7:17  Drone x4  
  59  7:22  Drone x2  
  65  7:28  Drone x2  
  65  7:29  Drone  
  68  7:31  Evolution Chamber  
  68  7:32  Hatchery  
  68  7:35  Baneling x5  
  68  7:36  Baneling  
  66  7:47  Overlord x2  
  66  7:48  Drone x2  
  67  8:08  Zergling x18  
  76  8:14  Hive  
  76  8:15  Drone  
  77  8:29  Overseer  
  77  8:30  Drone x2  
  77  8:31  Drone  
  80  8:35  Queen  
  80  8:36  Overlord  
  67  8:53  Zergling x8  
  67  8:54  Zergling x8  
  67  8:55  Baneling x2  
  74  8:56  Baneling x6  
  74  8:57  Baneling x6  
  74  8:58  Baneling x2  
  74  9:06  Zergling x4  
  74  9:07  Queen, Zergling x4  
  80  9:17  Drone  
  80  9:18  Drone x2  
  83  9:36  Zergling x8  
  83  9:37  Zergling x6  
  70  10:01  Zergling x10  
  70  10:02  Zergling x6  
  78  10:08  Zergling x4  
  78  10:19  Zergling x6  
  72  10:41  Zerg Melee Weapons Level 1, Ultralisk Cavern  
  71  10:44  Drone  
  71  10:45  Drone x3, Evolution Chamber  
  71  10:46  Spire  
  73  10:50  Baneling  
  73  10:51  Baneling x7  
  73  10:58  Baneling x4  
  64  11:13  Drone x2  
  64  11:15  Drone x3  
  59  11:37  Baneling  
  59  11:38  Zergling x10  
  59  11:39  Zergling x16  
  70  11:44  Hatchery  
  68  11:54  Chitinous Plating  
  68  11:55  Hatchery  
  68  11:56  Zerg Ground Armor Level 1  
  68  11:59  Greater Spire  
  67  12:02  Drone x6  
  67  12:05  Baneling  
  67  12:06  Baneling x12  
  67  12:07  Drone, Baneling  
  74  12:23  Zergling x10  
  66  12:39  Zergling x10  
  71  12:46  Baneling x3  
  71  12:47  Baneling x5  
  71  12:53  Infestor x2  
  75  13:00  Drone x5  
  75  13:04  Corruptor  
  82  13:23  Baneling  
  82  13:24  Baneling x9  
  82  13:26  Ultralisk x2  
  94  13:27  Zergling x4  
  94  13:28  Overlord x2  
  94  13:29  Overlord  
  95  13:56  Corruptor x3  
  88  14:11  Zergling x14  
  88  14:12  Zergling x6  
  98  14:26  Zergling x6  
  98  14:27  Zergling x8  
  105  14:35  Zergling x8  
  109  14:43  Zergling x2  
Show
View Real Time Build Order
Export as new Build Order

JaySlays Terran 

Build Orders: Mech 

Get SALT Encoding   

  12  0:01  SCV  
  13  0:13  SCV  
  14  0:19  Supply Depot  
  14  0:25  SCV  
  15  0:40  SCV  
  16  0:43  Barracks  
  16  0:52  Refinery, SCV  
  17  1:05  SCV  
  18  1:17  SCV  
  19  1:30  Orbital Command  
  19  1:37  Refinery  
  19  1:48  Command Center  
  19  1:56  Barracks Reactor  
  19  1:57  SCV  
  20  2:09  Supply Depot, SCV  
  21  2:18  Factory  
  21  2:23  SCV  
  22  2:35  SCV  
  23  2:44  Barracks Reactor  
  23  2:47  SCV  
  24  2:59  SCV  
  24  3:03  Orbital Command  
  25  3:10  Starport  
  25  3:11  SCV  
  26  3:23  Barracks Reactor, SCV  
  26  3:26  Cyclone x2  
  33  3:30  SCV  
  34  3:36  SCV  
  35  3:42  SCV  
  35  3:48  Starport Reactor, SCV  
  37  3:49  Factory  
  37  3:54  SCV  
  38  4:00  SCV  
  38  4:02  Cyclone  
  42  4:06  SCV  
  43  4:16  Refinery, SCV  
  44  4:18  SCV  
  44  4:19  Refinery  
  45  4:31  Supply Depot  
  45  4:34  SCV  
  46  4:49  Factory Tech Lab  
  46  4:52  SCV x2, Viking x2  
  52  5:05  Factory  
  52  5:07  SCV x2  
  54  5:19  Supply Depot  
  54  5:27  Supply Depot  
  54  5:29  Supply Depot  
  54  5:40  Cyclone, Siege Tank  
  54  5:41  Supply Depot  
  60  6:00  Cyclone x2  
  66  6:07  Factory  
  66  6:08  Armory  
  66  6:12  Siege Tank  
  69  6:39  Factory Tech Lab  
  69  6:44  Factory, Siege Tank  
  69  6:46  SCV x2  
  74  6:52  Hellion x2  
  78  6:55  Factory Reactor  
  78  6:57  Terran Vehicle Weapons Level 1  
  78  6:59  Infernal Pre-Igniter  
  78  7:04  Hellion  
  80  7:13  Supply Depot x2, Hellion x2  
  84  7:17  Hellion  
  86  7:34  Hellion x3  
  86  7:35  Hellion  
  86  7:36  Supply Depot  
  86  7:37  Supply Depot  
  94  7:38  Hellion  
  94  7:40  Hellion x3  
  102  7:58  Hellion, Widow Mine x2, Viking x2  
  117  8:07  Supply Depot x2  
  117  8:09  Hellbat x2  
  118  8:15  Thor  
  118  8:16  Thor, Hellbat  
  130  8:30  Engineering Bay  
  130  8:36  Viking x2  
  134  8:58  Thor  
  134  8:59  Thor  
  146  9:17  Viking x2  
  146  9:29  Missile Turret  
  146  9:33  Missile Turret  
  146  9:38  Marine  
  146  9:41  Hellbat  
  149  9:51  Supply Depot x2  
  149  9:53  Supply Depot  
  149  9:55  Hellbat  
  149  9:56  Thor, Hellbat x3  
  112  10:13  Thor  
  112  10:14  Hellbat  
  90  10:15  Hellbat  
  90  10:16  Hellbat  
  90  10:17  Hellbat  
  85  10:32  Hellion x2  
  85  10:35  Hellion  
  91  10:36  Hellion  
  91  10:38  Hellion  
  91  10:39  Thor, Hellion  
  103  10:52  Missile Turret  
  103  10:53  Missile Turret  
  103  11:02  Siege Tank  
  106  11:05  Hellion x3  
  106  11:06  Hellion x2  
  116  11:14  Missile Turret  
  116  11:22  Siege Tank  
  119  11:38  Missile Turret  
  102  11:59  Missile Turret  
  102  12:08  Hellbat x3  
  108  12:09  Thor x2, Hellbat x2  
  93  12:46  Hellion x3  
  93  12:47  Hellion x3  
  102  12:51  Thor  
  102  12:52  Thor  
  107  13:17  Command Center  
  101  13:34  Thor  
  101  13:35  Siege Tank  
  110  13:45  Hellion  
  84  14:07  Siege Tank  
  80  14:17  Siege Tank  
Show
View Real Time Build Order
Export as new Build Order

Wolf Terran 

Build Orders: Reaper Expand, MMM Bio 

Get SALT Encoding   

  12  0:01  SCV  
  13  0:13  SCV  
  14  0:19  Supply Depot  
  14  0:27  SCV  
  15  0:41  SCV  
  16  0:43  Barracks  
  16  0:47  Refinery  
  16  0:53  SCV  
  17  1:05  SCV  
  18  1:17  SCV  
  19  1:30  Orbital Command  
  19  1:35  Reaper  
  20  1:45  Command Center  
  20  1:56  Barracks  
  20  2:00  SCV  
  21  2:08  Barracks Reactor  
  21  2:13  SCV  
  22  2:17  Refinery  
  22  2:21  Supply Depot  
  22  2:25  SCV  
  23  2:42  Supply Depot  
  23  2:43  Barracks Tech Lab, SCV  
  24  2:44  Marine  
  24  2:46  Marine  
  26  2:55  SCV  
  27  3:03  Marine, Stimpack  
  27  3:04  Marine x2  
  30  3:12  Factory  
  30  3:21  SCV  
  30  3:26  Orbital Command  
  31  3:36  Marine x2  
  31  3:37  Marine  
  34  3:45  SCV  
  35  3:57  Factory Reactor  
  35  3:58  Marine x2, Starport  
  35  4:00  Marine  
  38  4:04  SCV  
  38  4:05  SCV  
  40  4:14  Supply Depot  
  40  4:17  Marine x2, SCV x2  
  41  4:19  Marine  
  45  4:29  SCV x2  
  47  4:35  Marine x2  
  47  4:37  Marine  
  50  4:40  Factory Tech Lab  
  50  4:41  Medivac  
  50  4:42  Medivac  
  53  4:53  Marine x2  
  53  4:55  Marine  
  53  4:57  SCV  
  53  4:58  Engineering Bay, SCV  
  58  5:00  Engineering Bay  
  58  5:04  Refinery  
  58  5:09  Supply Depot  
  58  5:10  Marine  
  59  5:19  Marine  
  59  5:20  Marine  
  61  5:28  Barracks  
  61  5:31  Barracks  
  61  5:33  Barracks  
  43  6:14  Marine  
  43  6:15  Marine x2  
  43  6:16  Siege Tank  
  38  6:23  Terran Infantry Weapons Level 1  
  38  6:25  Terran Infantry Armor Level 1  
  37  6:32  Marine x2, Medivac x2  
  39  6:37  Barracks Tech Lab  
  43  6:48  Siege Tank  
  46  6:57  Combat Shields  
  46  6:59  Marine  
  47  7:15  Marine x2  
  49  7:35  Command Center  
  49  7:42  Marine x3  
  52  7:52  SCV  
  53  8:02  Missile Turret  
  53  8:18  Marine  
  54  8:25  Supply Depot  
  54  8:28  Marine x2, Siege Tank  
  59  8:36  Marine  
  59  8:38  Barracks Tech Lab, Barracks Reactor  
  59  8:39  Barracks Reactor  
  60  8:43  SCV  
  60  8:46  Marine x2  
  60  8:48  Supply Depot  
  60  8:50  Supply Depot  
  59  8:55  SCV  
  59  9:00  Siege Tank  
  59  9:01  Marine  
  64  9:11  Orbital Command  
  64  9:13  SCV  
  65  9:26  Orbital Command  
  65  9:27  Marine x2  
  67  9:32  SCV  
  67  9:36  SCV  
  69  9:41  Marine x2  
  69  9:44  SCV  
  72  9:48  Medivac  
  74  9:53  SCV x2  
  74  9:59  Marine x3  
  79  10:01  Marine  
  80  10:09  SCV  
  80  10:10  Armory  
  81  10:29  Marine x2  
  81  10:30  Marine x6  
  81  10:32  Siege Tank  
  81  10:33  SCV  
  81  10:34  SCV x2  
  95  10:38  Refinery  
  95  10:40  Refinery  
  95  10:46  SCV  
  95  10:47  Marine x2  
  95  10:48  Marine x2  
  87  11:16  Marine x5  
  87  11:17  Marine x3  
  59  11:34  Marine x2  
  59  11:37  Marine x6  
  55  11:51  Marine  
  55  11:52  Marine, SCV x2  
  59  11:54  Marine  
  59  11:55  Marine x5  
  65  12:09  Marine x2  
  65  12:12  Marine  
  65  12:13  Medivac x2  
  72  12:18  Marine x5  
  77  12:27  Marine  
  77  12:28  SCV x3  
  73  12:41  Marine x3  
  73  12:42  Marine x4  
  77  12:48  Medivac  
  79  12:56  Siege Tank  
  82  13:11  Marine x3  
  82  13:12  Marine x5  
  90  13:20  SCV  
  90  13:24  SCV  
  92  13:29  Marine x2  
  93  13:42  SCV x3  
  94  14:09  Marine  
  57  14:10  Marine x7  
  65  14:27  Marine  
  65  14:28  Marine x5  
  67  14:31  Marine x2  
  67  14:33  Siege Tank  
  69  14:41  Bunker  
Show
View Real Time Build Order
Export as new Build Order

OneBirdTree Zerg 

Build Orders: Hatch First 

Get SALT Encoding   

  12  0:02  Drone  
  13  0:12  Drone  
  14  0:18  Overlord  
  14  0:40  Drone  
  15  0:47  Drone  
  15  0:48  Drone  
  17  1:01  Hatchery  
  17  1:04  Drone x2  
  18  1:16  Drone  
  19  1:24  Spawning Pool  
  19  1:25  Drone  
  19  1:36  Drone  
  20  1:45  Drone  
  21  1:56  Drone  
  22  2:02  Extractor  
  22  2:08  Drone  
  22  2:11  Extractor  
  22  2:12  Queen  
  23  2:18  Hatchery  
  23  2:20  Drone  
  23  2:21  Drone  
  24  2:25  Queen  
  26  2:35  Drone x2  
  28  2:38  Overlord  
  28  2:58  Drone x4  
  29  3:03  Lair  
  32  3:07  Drone x2  
  34  3:13  Drone  
  35  3:23  Overlord  
  35  3:29  Drone  
  35  3:30  Drone x4  
  40  3:38  Metabolic Boost  
  40  3:41  Drone  
  40  3:42  Drone x2  
  40  3:44  Drone  
  40  3:48  Drone x2  
  46  3:52  Overlord  
  46  4:00  Drone x3  
  49  4:03  Extractor  
  49  4:05  Extractor  
  47  4:13  Drone x3, Nydus Network  
  49  4:19  Drone  
  49  4:20  Drone  
  49  4:22  Overlord  
  51  4:26  Burrow  
  51  4:30  Drone x2  
  53  4:33  Drone  
  53  4:35  Drone x2  
  56  4:38  Overlord  
  56  4:43  Queen  
  58  4:46  Zergling x2  
  58  4:47  Zergling x4  
  58  4:49  Zergling x2  
  58  4:50  Zergling x2  
  63  4:53  Zergling x2  
  63  4:54  Zergling x4  
  63  4:59  Zergling x2  
  68  5:00  Zergling x8  
  71  5:13  Overlord x4  
  71  5:17  Evolution Chamber  
  70  5:21  Infestation Pit  
  53  5:55  Zergling x14  
  58  6:03  Nydus Canal  
  58  6:13  Zergling x6  
  58  6:14  Zergling x4  
  58  6:17  Hatchery  
  62  6:28  Nydus Canal  
  61  6:34  Hatchery  
  61  6:36  Hatchery  
  56  6:40  Hatchery  
  48  6:49  Zergling x18  
  47  7:05  Hydralisk Den  
  42  7:26  Spore Crawler  
  42  7:27  Spore Crawler  
  42  7:28  Spore Crawler  
  39  7:30  Spore Crawler x2  
  39  7:31  Spore Crawler  
  39  7:34  Drone x3  
  39  7:35  Drone x6  
  39  7:36  Drone  
  38  7:52  Nydus Canal  
  38  7:53  Zergling x2  
  38  7:54  Zergling x10  
  44  8:03  Drone x2  
  44  8:04  Drone x4  
  30  8:35  Zergling x2  
  40  8:52  Unknown  
  40  8:58  Nydus Canal  
  34  9:11  Nydus Network  
  33  9:20  Spore Crawler  
  33  9:22  Spore Crawler  
  37  9:40  Hatchery  
  33  11:04  Swarm Host  
  36  11:20  Spore Crawler  
  32  12:38  Drone x2  
  32  12:39  Drone  
  29  13:32  Drone x2  
  7  14:09  Drone  
  9  14:10  Drone x2  
  9  14:13  Spore Crawler  
Show
View Real Time Build Order
Export as new Build Order

Sirkillerbee Terran 

Build Orders:  

Get SALT Encoding   

  12  0:01  SCV  
  13  0:13  SCV  
  14  0:22  Supply Depot  
  14  0:25  SCV  
  16  0:50  SCV  
  16  0:51  Barracks  
  16  1:02  Refinery, SCV  
  17  1:14  SCV  
  18  1:27  SCV  
  18  1:30  Refinery  
  19  1:40  Orbital Command  
  19  1:47  Supply Depot  
  19  2:05  SCV  
  20  2:17  SCV  
  20  2:20  Factory  
  21  2:29  Supply Depot, SCV  
  22  2:41  SCV  
  23  2:52  Command Center  
  23  2:54  SCV  
  24  3:06  Factory Reactor, SCV  
  24  3:07  Factory  
  25  3:26  Engineering Bay, SCV  
  26  3:53  Factory Reactor  
  26  3:55  Refinery  
  26  3:56  Cyclone x2  
  32  4:10  Missile Turret  
  32  4:11  Missile Turret  
  32  4:15  Armory  
  32  4:18  SCV  
  33  4:31  SCV  
  34  4:32  Missile Turret  
  34  4:38  Armory, Hi-Sec Auto Tracking  
  34  4:43  SCV  
  35  4:55  SCV  
  35  4:59  Cyclone  
  39  5:05  Supply Depot  
  39  5:07  SCV  
  39  5:12  Refinery  
  40  5:19  SCV  
  41  5:26  Cyclone  
  41  5:28  Cyclone  
  46  5:31  SCV  
  46  5:35  Building Armor  
  40  5:43  SCV  
  39  6:28  Cyclone  
  39  6:29  Cyclone  
  45  6:35  Supply Depot  
  45  6:51  Cyclone  
  42  7:36  Terran Vehicle Weapons Level 1  
  42  7:37  Terran Vehicle And Ship Armor Level 1  
  42  7:47  Factory Reactor  
  42  7:48  Factory  
  42  7:59  Supply Depot  
  42  9:06  Factory Tech Lab  
  42  9:26  Rapid Fire Launchers  
  42  9:32  Widow Mine x2  
  46  9:39  Thor  
  46  9:42  Widow Mine x2  
  56  10:10  Command Center  
  56  10:22  Thor  
  62  10:45  Drilling Claws  
  61  11:41  Command Center  
  61  12:22  Widow Mine  
  63  12:39  Widow Mine, Cyclone  
  62  12:46  Cyclone  
  62  12:48  Thor  
  59  13:31  Thor, Widow Mine x2  
  59  13:32  Cyclone x2  
  59  14:08  Widow Mine x4  
Tags
 
Add a new tag
Caveats
  • Supply blocks, unpowered buildings, or Contaminate may cause inaccurate times.
  • Supply counts are checked every 10 seconds.